 Dungeon Crawl Stone Soup version 0.26-a0-712-ga5a9c9c9d0 (webtiles) character file.

Game seed: 8282387895406412193

79 ipx the Digger (level 4, -1/24 HPs)
             Began as a Deep Elf Earth Elementalist on Nov 4, 2020.
             Slain by a gnoll
             ... wielding a +1 spear of freezing
              (8 damage)
             ... on level 3 of the Dungeon.
             The game lasted 00:06:33 (524 turns).

ipx the Digger (Deep Elf Earth Elementalist)         Turns: 524, Time: 00:06:34

Health: -1/24      AC:  3    Str:  5    XL:     4   Next: 17%
Magic:  3/10       EV: 13    Int: 21    God:
Gold:   61         SH:  0    Dex: 15    Spells: 1/9 levels left

rFire    . . .     SeeInvis .   a - +1 short sword (freeze)
rCold    . . .     Faith    .   (no shield)
rNeg     . . .     Spirit   .   c - +0 robe
rPois    .         Reflect  .   (no helmet)
rElec    .         Harm     .   (no cloak)
rCorr    .         Rampage  .   f - +0 pair of gloves
MR       .....                  (no boots)
Stlth    ++........             (no amulet)
HPRegen  0.08/turn              (no ring)
MPRegen  0.12/turn              (no ring)

@: about to teleport
A: no striking features
a: no special abilities


You were on level 3 of the Dungeon.
You visited 1 branch of the dungeon, and saw 3 of its levels.

You collected 61 gold pieces.

Inventory:

Hand Weapons
 a - a +1 short sword of freezing (weapon)
Missiles
 b - 9 stones
 h - 5 javelins (quivered)
Armour
 c - a +0 robe (worn)
 f - a +0 pair of gloves (worn)
Scrolls
 e - a scroll of teleportation
Potions
 d - 2 potions of cancellation {unknown}
 g - a potion of stabbing {unknown}


   Skills:
 - Level 2.4 Dodging
 - Level 2.4 Stealth
 - Level 3.0 Spellcasting
 + Level 1.8 Conjurations
 - Level 1.1 Transmutations
 + Level 5.1 Earth Magic


You had one spell level left.
You knew the following spells:

 Your Spells              Type           Power        Failure   Level
q - Sandblast             Erth           ###...       1%          1
r - Stone Arrow           Conj/Erth      ###...       10%         3
y - Petrify               Tmut/Erth      ###.....     36%         4

Your spell library contained the following spells:

 Spells                   Type           Power        Failure   Level
 Passwall                 Tmut/Erth      ###.....     5%          2
 Lee's Rapid Deconstruct  Erth           ###.......   41%         5


Dungeon Overview and Level Annotations

Branches:
Dungeon (3/15)

Altars:


Message History

Press: ? - help, Shift-Dir - straight line, f/p - gnoll
Aim: a gnoll, wielding a +1 spear of freezing You throw a javelin.
The javelin barely misses the hobgoblin.
The javelin closely misses the gnoll.
The hobgoblin barely misses you.
Casting: Sandblast (safe; 1% risk of failure)
Confirm with . or Enter, or press ? or * to list all spells.
Aiming: Sandblast (safe; 1% risk of failure)
Press: ? - help, Shift-Dir - straight line, f/p - gnoll
Aim: a gnoll, wielding a +1 spear of freezing The blast of sand hits the hobgoblin.
The hobgoblin is heavily wounded.
b - 9 stones The gnoll barely misses you.
The hobgoblin hits you with a +0 club.
* * * LOW HITPOINT WARNING * * *
You aren't carrying any items that you can evoke.
As you read the scroll labeled FIRHOSMU AXZUK, it crumbles to dust.
You feel strangely unstable.
It was a scroll of teleportation.
The gnoll hits you from afar with a +1 spear of freezing!
You die...

### ..
#.######..##
#.#@ggg.....
#####...##.##...
#.....)## .#
...###..# ..
........## #.
.#####...##.##...
.#####..........
........#######.
..#####.#


You could see 2 gnolls and a hobgoblin.

Vanquished Creatures
  An adder (D:2)
  2 gnolls
  An ooze (D:1)
  3 worms (D:2)
  A dart slug (D:1)
  A leopard gecko (D:3)
  An orc (D:3)
  2 bats (D:1)
  3 giant cockroaches
  2 goblins (D:2)
  2 hobgoblins
  4 jackals (D:2)
  8 kobolds
  A frilled lizard (D:2)
  A rat (D:1)
33 creatures vanquished.

Vanquished Creatures (others)
  2 fungi (D:2)
2 creatures vanquished.

Grand Total: 35 creatures vanquished

Notes
Turn   | Place    | Note
-------+----------+-------------------------------------------
     0 | D:1      | ipx the Deep Elf Earth Elementalist began the quest for the
                  | Orb.
     0 | D:1      | Reached XP level 1. HP: 10/10 MP: 6/6
   163 | D:1      | Reached skill level 4 in Earth Magic
   163 | D:1      | Reached XP level 2. HP: 5/15 MP: 2/8
   194 | D:1      | Reached XP level 3. HP: 8/19 MP: 2/9
   199 | D:1      | Learned a level 3 spell: Stone Arrow
   319 | D:2      | Reached skill level 1 in Conjurations
   408 | D:2      | Reached skill level 5 in Earth Magic
   491 | D:3      | Reached XP level 4. HP: 19/24 MP: 5/10
   497 | D:3      | Learned a level 4 spell: Petrify
   524 | D:3      | Slain by a gnoll

Illustrated notes

Levels and vault maps discovered:
D:1:      minmay_arrival_plants_in_alcoves, layout_basic, minmay_split_cup_large
D:2:      layout_loops_corners, uniq_crazy_yiuf_cottage, uniq_natasha
D:3:      layout_loops_ring, yredelemnul_forgotten_temple_becter,
          minmay_ruptured, uniq_grinder, uniq_ijyb

Skill      XL: |  1  2  3 |
---------------+----------+-----
Earth Magic    | 4 5 |  5.1
Conjurations   | 1 |  1.8
Dodging        | |  2.4
Stealth        | |  2.4
Spellcasting   | |  3.0
Transmutations | |  1.1

Action                   |  1- 3 |  4- 6 || total
-------------------------+-------+-------++-------
Melee: Short sword       |    40 |       ||    40
Throw: Javelin           |       |     1 ||     1
 Cast: Sandblast         |    36 |     7 ||    43
  Use: Scroll            |       |     1 ||     1
 Stab: Sleeping          |     1 |       ||     1
Armor: Robe              |    14 |       ||    14
Dodge: Dodged            |    35 |     2 ||    37

Table legend: (Time is in decaauts)
 A = Elapsed time spent in this place.
 B = Non-inter-level travel time spent in this place.
 C = Inter-level travel time spent in this place.
 D = Time resting spent in this place.
 E = Time spent auto-exploring this place.
 F = Levels seen in this place.
 G = Mean time per level.
                   A        B        C        D        E       F      G
               +--------+--------+--------+--------+--------+-----+--------+
         Total |    527 |    527 |      0 |      0 |      0 |   3 |  175.7 |
       Dungeon |    527 |    527 |      0 |      0 |      0 |   3 |  175.7 |
               +--------+--------+--------+--------+--------+-----+--------+

Top non-repeatable levels by time:
     D:1: 249 daAuts
     D:2: 231 daAuts
     D:3: 47 daAuts
